 Dungeon Crawl Stone Soup version 0.31.0-12-g77e489cdc1 (webtiles) character file.

Game seed: 5711130118539058935

1680 Arctor the Magician (level 8, -3/41 HPs)
             Began as a Deep Elf Fire Elementalist on Feb 21, 2024.
             Was a Follower of Sif Muna.
             Shot with a sling bullet by Joseph (7 damage)
             ... on level 7 of the Dungeon.
             The game lasted 00:05:45 (8811 turns).

Arctor the Magician (Deep Elf Fire Elementalist)    Turns: 8811, Time: 00:05:45

Health: -3/41      AC:  6    Str:  5    XL:     8   Next: 71%
Magic:  2/20       EV: 14    Int: 23    God:    Sif Muna [*.....]
Gold:   274        SH:  0    Dex: 15    Spells: 15/21 levels left

rFire   . . .        t - +2 flail (heavy)
rCold   . . .        (no shield)
rNeg    . . .        u - +2 leather armour {Will+}
rPois   .            (no helmet)
rElec   .            h - +0 cloak
rCorr   .            (no gloves)
SInv    .            (no boots)
Will    +....        s - amulet of faith
Stlth   +++          (no ring)
HPRegen 0.26/turn    (no ring)
MPRegen 0.17/turn

%: faith
@: no status effects
A: no striking features
a: Renounce Religion, Channel Magic


You were on level 7 of the Dungeon.
You worshipped Sif Muna.
Sif Muna was aware of your devotion.
You visited 2 branches of the dungeon, and saw 8 of its levels.

You collected 274 gold pieces.

Inventory:

Hand Weapons
 t - a +2 heavy flail (weapon)
Armour
 a - a +0 robe
 h - a +0 cloak (worn)
 u - a +2 leather armour of willpower (worn)
Jewellery
 s - an amulet of faith (around neck)
Wands
 v - a wand of polymorph (8)
 x - a wand of iceblast (13)
Scrolls
 c - a scroll of vulnerability {unknown}
 g - a scroll of fog
 j - 2 scrolls of teleportation
 o - a scroll of blinking
 p - a scroll of noise
 q - a scroll of poison
 r - a scroll of enchant weapon
Potions
 b - a potion of magic
 d - 4 potions of brilliance {unknown}
 e - 2 potions of attraction {unknown}
 f - 3 potions of curing {unknown}
 i - a potion of heal wounds {unknown}
 k - 3 potions of enlightenment {unknown}
 l - a potion of ambrosia {unknown}
 m - a potion of experience {unknown}
 n - a potion of degeneration {unknown}
 w - a potion of haste {unknown}


   Skills:
 + Level 6.4 Dodging
 + Level 6.8 Stealth
 + Level 7.1 Spellcasting
 + Level 5.4 Conjurations
 + Level 6.3 Fire Magic


You had 15 spell levels left.
You knew the following spells:

 Your Spells              Type           Power      Damage    Failure   Level
a - Foxfire               Conj/Fire      100%       2x1d9     1%          1
b - Scorch                Fire           74%        2d8       1%          2
c - Volatile Blastmotes   Fire/Tloc      44%        2d13      11%         3

Your spell library contained the following spells:

 Spells                   Type           Power      Damage    Failure   Level
 Inner Flame              Hex/Fire       22%        N/A       11%         3
 Flame Wave               Conj/Fire      35%        2d10      11%         4
 Ensorcelled Hibernation  Hex/Ice        16%        N/A       19%         2
 Fugue of the Fallen      Necr           8%         N/A       36%         3
 Anguish                  Hex/Necr       4%         N/A       77%         4


Dungeon Overview and Level Annotations

Branches:
Dungeon (7/15)             Temple (1/1) D:5

Altars:
Ashenzari
Cheibriados
Dithmenos
Elyvilon
Fedhas
Gozag
Kikubaaqudgha
Okawaru
Qazlal
Ru
Sif Muna
Trog
Uskayaw
Wu Jian
Xom
Yredelemnul
Zin
The Shining One

Shops:
D:1 (

Annotations:
D:3 exclusion: oklob plant
D:7 Joseph


Message History

Your foxfire dissipates!
The foxfire hits the sleepcap.
The sleepcap is severely damaged.
Unknown command.
You conjure some foxfire!
The foxfire hits the sleepcap but does no damage.
The sleepcap is severely damaged.
You conjure some foxfire!
The foxfire hits the sleepcap.
The sleepcap is severely damaged.
The foxfire hits the sleepcap.
The sleepcap is almost destroyed.
The foxfire hits the sleepcap.
You destroy the sleepcap!
Sif Muna accepts your kill.
Joseph unwields a +0 quarterstaff.
Joseph wields a +0 sling.
Joseph shoots a sling bullet.
The sling bullet hits you!
You are too injured to fight recklessly!
Casting: Foxfire (safe; 1% risk of failure)
Confirm with . or Enter, or press ? or * to list all spells.
Flames lash Joseph.
Joseph is moderately wounded.
Joseph's fire resistance burns away.
The foxfire hits Joseph.
Joseph is moderately wounded.
Casting: Scorch (safe; 1% risk of failure)
Confirm with . or Enter, or press ? or * to list all spells.
Flames lash Joseph.
Joseph is burned terribly!
Joseph is severely wounded.
Joseph shoots a sling bullet.
The sling bullet closely misses you.
Casting: Scorch (safe; 1% risk of failure)
Confirm with . or Enter, or press ? or * to list all spells.
Flames lash Joseph.
Joseph is burned terribly!
Joseph is severely wounded.
Joseph shoots a sling bullet.
The sling bullet hits you!
* * * LOW HITPOINT WARNING * * *
Casting: Scorch (safe; 1% risk of failure)
Confirm with . or Enter, or press ? or * to list all spells.
Flames lash Joseph.
Joseph is burned terribly!
Joseph is almost dead.
Joseph shoots a sling bullet.
The sling bullet hits you!
You die...

... .... . ...
... .. .. ...
... ....# #
.... .#.###.##.
..... .........
......#........
.......@.......
###.#.#.#.@....
# #.# ..... #.#
#... #.# .. #.#
. #.. ..$


You could see Joseph (combustible).

Vanquished Creatures
  Edmund (D:4)
  An ogre (D:4)
  2 phantoms (D:6)
  A kobold brigand (D:6)
  2 bullfrogs
  5 scorpions
  3 bombardier beetles
  4 hounds
  A gnoll bouda (D:6)
  An orc priest (D:6)
  5 jellies
  2 sleepcaps
  Natasha (thrice) (D:4)
  An iguana (D:6)
  5 gnolls (D:6)
  10 adders
  A shadow imp (D:6)
  4 ufetubi (D:5)
  A ribbon worm (D:2)
  4 dart slugs
  8 orcs
  4 endoplasms
  4 giant cockroaches
  6 goblins
  7 hobgoblins
  2 jackals (D:4)
  16 kobolds
  2 quokkas
  4 ball pythons
  3 bats
  4 frilled lizards
  4 rats
121 creatures vanquished.

Vanquished Creatures (collateral kills)
  10 foxfires (D:3)
10 creatures vanquished.

Vanquished Creatures (others)
  721 foxfires
721 creatures vanquished.

Grand Total: 852 creatures vanquished

Notes
Turn   | Place    | Note
-------+----------+-------------------------------------------
     0 | D:1      | Arctor the Deep Elf Fire Elementalist began the quest for
                  | the Orb.
     0 | D:1      | Reached XP level 1. HP: 10/10 MP: 6/6
   222 | D:1      | Reached XP level 2. HP: 15/15 MP: 1/8
   225 | D:1      | Learned a level 2 spell: Scorch
   772 | D:1      | Found Jiomaebleps's Antique Weapon Emporium.
  1171 | D:1      | Reached XP level 3. HP: 19/19 MP: 7/9
  1368 | D:2      | Learned a level 3 spell: Volatile Blastmotes
  1895 | D:2      | Found a faded altar of an unknown god.
  1899 | D:2      | Reached XP level 4. HP: 24/24 MP: 7/11
  3314 | D:3      | Found a blossoming altar of Fedhas.
  3338 | D:3      | Noticed an oklob plant
  4037 | D:4      | Reached skill level 4 in Spellcasting
  4224 | D:4      | Reached XP level 5. HP: 17/28 MP: 6/13
  4383 | D:4      | Found a hide-covered altar of Uskayaw.
  4459 | D:4      | Noticed Edmund
  4572 | D:4      | Killed Edmund
  4573 | D:4      | Reached XP level 6. HP: 10/32 MP: 5/14
  5012 | D:4      | Noticed Natasha
  5018 | D:4      | Reached skill level 5 in Spellcasting
  5019 | D:4      | Killed Natasha
  5244 | D:4      | Noticed Natasha
  5246 | D:4      | Killed Natasha
  5306 | D:4      | Noticed Natasha
  5310 | D:4      | Killed Natasha
  5311 | D:4      | Reached XP level 7. HP: 36/36 MP: 10/16
  5779 | D:5      | Entered Level 5 of the Dungeon
  5784 | D:5      | Reached skill level 5 in Stealth
  5846 | D:5      | Reached skill level 5 in Fire Magic
  5903 | D:5      | Reached skill level 5 in Dodging
  6347 | D:5      | Found a shadowy altar of Dithmenos.
  6797 | D:5      | Found a staircase to the Ecumenical Temple.
  7001 | Temple   | Entered the Ecumenical Temple
  7007 | Temple   | Became a worshipper of Sif Muna the Loreminder
  7061 | D:6      | Reached skill level 6 in Spellcasting
  7207 | D:6      | Reached XP level 8. HP: 41/41 MP: 9/19
  7589 | D:6      | Reached * piety under Sif Muna
  7784 | D:6      | Reached skill level 5 in Conjurations
  8383 | D:6      | Reached skill level 7 in Spellcasting
  8801 | D:7      | Noticed Joseph
  8811 | D:7      | Shot with a sling bullet by Joseph

Illustrated notes

Levels and vault maps discovered:
D:1:      minmay_arrival_hallway, layout_basic, serial_shops, shop,
          chequers_serial_rivers_large_a, minmay_tetromino_t4
D:2:      layout_basic, shapermc_ecumenical_altar_mp_highgroup,
          hangedman_decor_push
D:3:      layout_loops_ring, tgw_fedhas
D:4:      layout_loops_ring, nicolae_uskayaw_suspiria, small_statue_alley_b,
          grunt_ministairs_7, minmay_misc_feat_columns, uniq_natasha,
          uniq_edmund
D:5:      layout_loops_ring, mainiacjoe_overflow_six_doors_small, temple_hall
D:6:      minmay_spotlight, layout_cave_pods
D:7:      layout_basic, fiery_altar_vehumet, st_stairs_2, uniq_joseph,
          uniq_menkaure, uniq_crazy_yiuf_cottage
Temple:   hellmonk_temple_of_storms

Skill      XL: |  1  2  3  4  5  6  7  8 |
---------------+-------------------------+-----
Dodging        | 3 4 5 6 |  6.4
Stealth        | 3 4 5 6 |  6.8
Conjurations   | 2 3 4 5 |  5.4
Spellcasting   | 4 5 6 7 |  7.1
Fire Magic     | 4 5 6 |  6.3

Action                     |  1- 3 |  4- 6 |  7- 9 || total
---------------------------+-------+-------+-------++-------
  Melee: Unarmed           |     2 |       |       ||     2
         Flail             |       |       |     9 ||     9
   Cast: Foxfire           |   121 |   142 |   194 ||   457
         Scorch            |     1 |    23 |    28 ||    52
    Use: Scroll            |       |       |     7 ||     7
         Potion            |       |       |     1 ||     1
 Armour: Robe              |     8 |     7 |       ||    15
         Leather armour    |       |       |    19 ||    19
         Skin              |       |       |    17 ||    17
  Dodge: Dodged            |    12 |    10 |    20 ||    42
